 Dungeon Crawl Stone Soup version 0.19.5 (webtiles) character file.

49 Jumperg the Shooter (level 3, -1/30 HPs)
             Began as a Centaur Hunter on May 17, 2017.
             Succumbed to an adder's poison
             ... on level 2 of the Dungeon.
             The game lasted 00:13:43 (1324 turns).

Jumperg the Shooter (Centaur Hunter)                Turns: 1324, Time: 00:13:43

Health: -1/30      AC:  4    Str: 12 (15) XL:     3   Next: 51%
Magic:  3/3        EV:  9    Int:  8 (10) God:
Gold:   68         SH:  0    Dex:  8 (9)  Spells: 0 memorised, 2 levels left

rFire  . . .     SeeInvis .     b - +2 dagger (venom)
rCold  . . .     Gourm    .     c - +0 leather armour
rNeg   . . .     Faith    .     (no shield)
rPois  .         Spirit   .     (no helmet)
rElec  .         Reflect  .     (no cloak)
rCorr  .         Harm     .     (no gloves)
MR     .....                    (no barding)
Stlth  ..........               (no amulet)
                                (no ring)
                                (no ring)

@: lethally poisoned (-1 -> -20), very quick
A: hooves 3, deformed body, speed 2, tough skin 3
a: no special abilities


You were on level 2 of the Dungeon.
You were hungry.

You visited 1 branch of the dungeon, and saw 2 of its levels.

You collected 68 gold pieces.

Inventory:

Hand Weapons
 a - a +1 shortbow
 b - a +2 dagger of venom (weapon)
 o - a +0 hand axe
Missiles
 d - 17 arrows
 g - 74 stones (quivered)
 j - 2 needles of confusion
 m - 19 bolts
Armour
 c - a +0 leather armour (worn)
Jewellery
 i - a cursed ring of teleportation {unknown}
Scrolls
 e - a scroll of random uselessness {unknown}
 q - a scroll of fog {unknown}
Potions
 h - a potion of degeneration
 k - 2 potions of resistance {unknown}
 l - a potion of invisibility {unknown}
 n - a potion of brilliance {unknown}
Comestibles
 f - 2 bread rations
 p - a meat ration


   Skills:
 + Level 2.6 Fighting
 + Level 0.8 Axes
 + Level 5.8 Bows
 * Level 2.0 Dodging
 - Level 0.4 Stealth


You had 2 spell levels left.
You didn't know any spells.

Dungeon Overview and Level Annotations

Branches:
Dungeon (2/15)

Altars:


Innate Abilities, Weirdness & Mutations

You have hooves in place of feet.
Armour fits poorly on your strangely shaped body.
You cover ground very quickly.
You have extremely tough skin. (AC +3)


Message History

You are more poisoned.
The adder poisons you!
You completely miss the adder. Your kick misses the adder.
The adder is heavily wounded.
* * * LOW HITPOINT WARNING * * *
You feel sick. The adder bites you.
* * * LOW HITPOINT WARNING * * *
You are more poisoned.
The adder poisons you!
You hit the adder.
The adder is poisoned.
Your kick misses the adder.
The adder is almost dead.
* * * LOW HITPOINT WARNING * * *
You feel sick. The adder bites you.
* * * LOW HITPOINT WARNING * * *
* * * LOW HITPOINT WARNING * * *
You feel sick.
It was a potion of degeneration.
There was something very wrong with that liquid.
You feel weakened.
You feel dopey.
You feel clumsy.
You die...

###..........
...###.#####
#####†###.#.((...
....(..S....
...<†...........
#?<....
####...[.....(..
#.##### #
#.###..###.. ...
# #.# #..# #?.
#### # #.#
#..###.# #.#
#......#########.
####.#
#..#.#.†S@.......
.....#
#......##########
###..# ##.#.#.#
#..# #.....#
#..####.#.#.#
###...........#
............###
....#########
#####


You could see an adder.

Vanquished Creatures
  2 adders (D:2)
  An ooze (D:1)
  A ball python (D:2)
  A giant cockroach (D:1)
  2 goblins
  3 hobgoblins (D:1)
  4 jackals (D:1)
  4 bats
  2 frilled lizards (D:1)
  3 kobolds
  4 rats (D:1)
27 creatures vanquished.

Notes
Turn   | Place    | Note
-------+----------+-------------------------------------------
     0 | D:1      | Jumperg the Centaur Hunter began the quest for the Orb.
     0 | D:1      | Reached XP level 1. HP: 17/17 MP: 1/1
   262 | D:1      | Reached XP level 2. HP: 6/25 MP: 2/2
  1186 | D:2      | Reached XP level 3. HP: 30/30 MP: 3/3
  1323 | D:2      | HP: 1/30 [poisoned by an adder]
  1324 | D:2      | Succumbed to an adder's poison

Skill      XL: |  1  2  3 |
---------------+----------+-----
Dodging        | 2 |  2.0
Fighting       | |  2.6
Axes           | |  0.8
Bows           | |  5.8
Stealth        | |  0.4

Action                   || total
-------------------------++-------
Melee: Short sword       ||    34
       Kick              ||    12
       Unarmed           ||     4
       Hand axe          ||    44
       Dagger            ||     7
 Fire: Shortbow          ||     9
Throw: Stone             ||    34
  Use: Potion            ||     1
Armor: Leather armour    ||    34
Dodge: Dodged            ||    37
